 Dungeon Crawl Stone Soup version 0.32-a0-40-g2adb59ae06 (webtiles) character file.

Game seed: 10963842333886170136

82665 chrisgud the Severer (level 15, -4/152 HPs)
             Began as a Minotaur Fighter on Jan 24, 2024.
             Was a High Priest of Okawaru.
             Incinerated by a deep elf pyromancer (8 damage)
             ... with a pyre arrow
             ... on level 14 of the Dungeon.
             The game lasted 00:50:58 (19152 turns).

chrisgud the Severer (Minotaur Fighter)            Turns: 19152, Time: 00:50:59

Health: -4/152     AC: 40    Str: 28    XL:     15   Next: 30%
Magic:  16/16      EV:  7    Int:  5    God:    Okawaru [*****.]
Gold:   1110       SH: 12    Dex: 12    Spells: 14/14 levels left

rFire   . . .        a - +7 broad axe of Feruk {heavy, rC+ Dex+2}
rCold   + . .        c - +1 buckler
rNeg    . . .        P - +7 crystal plate armour
rPois   .            I - +2 hat {SInv}
rElec   +            u - +0 cloak
rCorr   .            d - +0 pair of gloves
SInv    +            T - +1 pair of boots "Cadontod" {rElec}
Will    +....        H - amulet of reflection Stlth
                     N - +4 ring of slaying
HPRegen 0.45/turn    D - +4 ring of protection
MPRegen 0.15/turn

%: reflection
@: on fire, glowing, studying Long Blades
A: horns 2, retaliatory headbutt
a: Renounce Religion, Heroism, Finesse, Duel


You were on level 14 of the Dungeon.
You worshipped Okawaru.
Okawaru was extremely pleased with you.
You visited 3 branches of the dungeon, and saw 20 of its levels.
You also visited: Ossuary.

You collected 1680 gold pieces.
You spent 570 gold pieces at shops.

Inventory:

Hand Weapons
 a - the +7 broad axe of Feruk (weapon) {heavy, rC+ Dex+2}
   (Okawaru gifted it to you on level 3 of the Lair of Beasts)

   Dex+2:     It affects your dexterity (+2).
   rC+:       It protects you from cold.
 b - a +0 scimitar of flaming
 Z - a +2 heavy broad axe
Missiles
 h - a throwing net
 x - 11 curare-tipped darts (quivered)
 O - 6 silver javelins
 R - 3 poisoned darts
 U - 3 javelins
Armour
 c - a +1 buckler (worn)
 d - a +0 pair of gloves (worn)
 u - a +0 cloak (worn)
 I - a +2 hat of see invisible (worn)
 P - a +7 crystal plate armour (worn)
 T - the +1 pair of boots "Cadontod" (worn) {rElec}
   (You bought it in a shop on level 12 of the Dungeon)

   rElec:     It insulates you from electricity.
 X - +0 fire dragon scales
Jewellery
 l - a ring of see invisible
 q - a ring of wizardry
 w - an amulet of regeneration
 y - a ring of resist corrosion
 D - a +4 ring of protection (right hand)
 H - an amulet of reflection (around neck)
 J - a ring of ice
 N - a +4 ring of slaying (left hand)
 S - an amulet of the acrobat
Wands
 r - a wand of paralysis (25)
 t - a wand of roots (7)
 K - a wand of digging (24)
 V - a wand of flame (13)
 W - a wand of polymorph (1)
 Y - a wand of mindburst (10)
Scrolls
 e - 7 scrolls of immolation
 f - 2 scrolls of fog
 k - 5 scrolls of enchant weapon
 n - a scroll of amnesia
 A - a scroll of blinking
 B - 2 scrolls of revelation
 C - 2 scrolls of torment
 L - 4 scrolls of identify
 M - 6 scrolls of teleportation
Potions
 i - 3 potions of enlightenment
 j - a potion of resistance
 m - a potion of cancellation
 o - 2 potions of haste
 p - 5 potions of curing
 s - 9 potions of heal wounds
 v - a potion of brilliance
 z - 4 potions of might
 E - 2 potions of berserk rage
 F - 6 potions of magic
 G - a potion of ambrosia
 Q - 4 potions of mutation


   Skills:
 * Level 19.1 Fighting
 * Level 20.9(21.0) Axes
 + Level 3.0(14.1) Maces & Flails
 + Level 2.1 Throwing
 + Level 11.7 Armour
 + Level 3.3 Dodging
 + Level 1.7 Stealth
 + Level 10.2 Shields
 + Level 2.7 Invocations
 + Level 1.2 Evocations


You had 14 spell levels left.
You didn't know any spells.
Your spell library contained the following spells:

 Spells                   Type           Power      Damage    Failure   Level
 Apportation              Tloc           0%         N/A       100%        1
 Kiss of Death            Conj/Necr      0%         2d5       100%        1
 Necrotise                Necr           0%         1d4       100%        1
 Sting                    Conj/Alch      0%         1d3       100%        1
 Cigotuvi's Dreadful Rot  Necr/Alch/Air  0%         N/A       100%        2
 Sublimation of Blood     Necr           0%         N/A       100%        2
 Confusing Touch          Hex            0%         N/A       100%        3
 Stone Arrow              Conj/Erth      0%         3d7       100%        3
 Anguish                  Hex/Necr       0%         N/A       100%        4
 Brom's Barrelling Bould  Conj/Erth      0%         2d3       100%        4
 Cause Fear               Hex            0%         N/A       100%        4
 Dispel Undead            Necr           0%         3d6       100%        4
 Ignite Poison            Fire/Alch      0%         N/A       100%        4
 Petrify                  Alch/Erth      0%         N/A       100%        4
 Alistair's Intoxication  Alch           0%         N/A       100%        5
 Borgnjor's Vile Clutch   Necr/Erth      0%         N/A       100%        5
 Irradiate                Conj/Alch      0%         3d11      100%        5
 Lee's Rapid Deconstruct  Erth           0%         3d4*      100%        5
 Yara's Violent Unravell  Hex/Alch       0%         3d3       100%        5
 Eringya's Noxious Bog    Alch           0%         4d6       100%        6
 Enfeeble                 Hex            0%         N/A       100%        7
 Ozocubu's Refrigeration  Ice            0%         4d7       100%        7
 Lehudib's Crystal Spear  Conj/Erth      0%         10d2      100%        8
 Polar Vortex             Ice            0%         N/A       100%        9
 Summon Small Mammal      Summ           Unusable   N/A       N/A         1
 Animate Armour           Summ/Erth      Unusable   N/A       N/A         4
 Martyr's Knell           Necr/Summ      Unusable   N/A       N/A         4
 Death Channel            Necr           Unusable   N/A       N/A         6
 Sculpt Simulacrum        Ice/Alch       Unusable   N/A       N/A         6

Dungeon Overview and Level Annotations

Branches:
Dungeon (14/15)            Temple (1/1) D:6            Lair (5/5) D:8
  Swamp (0/4) Lair:2        Snake (0/4) Lair:3        Slime (0/5) Lair:5
    Orc (0/2) D:12        Ossuary (visited)
 Vaults: D:13-14

Altars:
Ashenzari
Cheibriados
Dithmenos
Elyvilon
Fedhas
Gozag
Hepliaklqana
Kikubaaqudgha
Makhleb
Nemelex Xobeh
Okawaru
Qazlal
Ru
Sif Muna
Trog
Uskayaw
Vehumet
Wu Jian
Xom
Yredelemnul
Zin
The Shining One
Jiyva

Shops:
D:11 =   D:12 ([   D:14 *

Annotations:
D:14 3 runed translucent doors


Innate Abilities, Weirdness & Mutations

You have a pair of horns on your head.
You reflexively headbutt those who attack you in melee.


Message History

* * * LOW HITPOINT WARNING * * *
The boggart mumbles some strange words.
The boggart blinks!
The kobold brigand hits you but does no damage.
The orc wizard hits you with a +0 dagger.
* * * LOW HITPOINT WARNING * * *
The kobold brigand hits you but does no damage.
The orc wizard hits you but does no damage.
The orc knight hits you but does no damage.
The green ugly thing basks in the mutagenic energy from its kin and changes!
The cyan ugly thing barely misses you.
You turn to flesh and can move again.
Unknown command.
Unknown command.
Okay, then.
Blink to where?
Press: ? - help, Dir - move target
Found a book of Necromancy.
As you read the scroll of blinking, it crumbles to dust.
The liquid fire burns you!
* * * LOW HITPOINT WARNING * * *
The orc wizard casts a spell at you.
The magic dart hits you but does no damage.
The orc wizard casts a spell at you.
The puff of flame hits you but does no damage.
You shake off some of the fire as you move.
The liquid fire burns you!
* * * LOW HITPOINT WARNING * * *
The kobold brigand throws a poisoned dart.
You block the poisoned dart with an invisible shield... and reflect it back!
The poisoned dart hits the kobold brigand!
The kobold brigand is poisoned.
The kobold brigand throws a poisoned dart.
You block the poisoned dart with an invisible shield... and reflect it back!
The poisoned dart closely misses the kobold brigand.
The deep elf pyromancer casts a spell.
The deep elf pyromancer blinks!
You shake off some of the fire as you move.
The liquid fire burns you!
You die...

#..#...........#....#
#..#..........<#....#
#..#...........#....#
#..#####.......#.....
#..... +.......#.....
#....# #.......#....#
#....#.........#....#
#....#.........'.h..#
#...@###########h...#
#.........ooKu.hh...#
#.........u.K.$ho.).#
#.........g..o§)oh...#
#...#####....§)uu....#
#.^.. #....Kl......#
#.... #....######..#
#:... #....# ..# #..
#(...# ..#


You could see a cyan ugly thing (summoned), a boggart (invisible, very poisoned)
and 2 orc wizards.

Vanquished Creatures
  Gastronok (D:11)
  An eleionoma (Lair:2)
  The ghost of Keuse the Skirmisher, a journeyman GnHu of Fedhas (Lair:3)
  Josephine (Lair:4)
  5 hydras
  3 catoblepae (Lair:5)
  Erolcha (D:11)
  2 centaur warriors (D:13)
  3 two-headed ogres
  3 boulder beetles
  11 death yaks
  A tengu warrior (D:14)
  The ghost of zurenarrh the Frost Mage, a novice NaIE of Cheibriados (Lair:1)
  Sonja (Lair:4)
  A deep elf knight (D:14)
  3 skysharks
  Lodul (D:11)
  4 skeletal warriors (D:13)
  A lindwurm (Lair:3)
  A deep elf zephyrmancer (D:14)
  2 deep elf pyromancers (D:14)
  8 ugly things
  2 cyclopes (D:14)
  3 manticores
  A salamander (Lair:3)
  2 oklob plants (Lair:2)
  19 elephants
  4 black mambas
  7 komodo dragons
  10 cane toads
  2 gargoyles (D:12)
  Jeremiah (D:6)
  8 rime drakes
  2 yaktaurs (D:14)
  An efreet (D:14)
  A tengu conjurer (D:14)
  2 trolls
  4 polar bears
  A wolf spider simulacrum (D:13)
  16 blink frogs
  13 slime creatures
  Sigmund (D:4)
  6 wraiths
  83 yaks
  11 wyverns
  4 shadows
  Grum (D:11)
  8 basilisks
  6 vampire mosquitoes (D:12)
  A naga (Lair:3)
  An acid dragon (D:11)
  14 water moccasins
  A hell hound (Lair:4)
  2 sky beasts (D:8)
  5 orc warriors
  6 black bears
  6 ogres (D:11)
  12 wolves
  7 centaurs
  3 kobold brigands
  10 bullfrogs
  2 gnoll sergeants (D:12)
  3 scorpions
  13 wights
  A water moccasin zombie (Ossuary)
  5 killer bees (D:9)
  5 electric eels
  5 howler monkeys
  2 bullfrog zombies (Ossuary)
  6 jellies
  A centaur zombie (Ossuary)
  A bombardier beetle (D:6)
  Crazy Yiuf (D:5)
  6 orc priests
  A gnoll bouda (D:6)
  6 hounds
  4 sleepcaps
  5 iguanas
  14 orc wizards
  A scorpion zombie (Ossuary)
  12 hell rats (Lair:4)
  7 adders
  21 gnolls
  A shadow imp (D:8)
  4 ufetubi
  3 adder zombies (Ossuary)
  3 dart slugs
  4 ribbon worms
  48 orcs
  7 bats
  8 endoplasms
  7 giant cockroaches
  3 gnoll zombies (Ossuary)
  14 goblins
  12 hobgoblins
  2 jackals (D:1)
  6 quokkas
  6 ball pythons
  4 frilled lizards
  4 goblin zombies
  7 hobgoblin zombies
  20 kobolds
  2 kobold skeletons (D:8)
  2 orc zombies (Ossuary)
  3 rats
635 creatures vanquished.

Notes
Turn   | Place    | Note
-------+----------+-------------------------------------------
     0 | D:1      | chrisgud the Minotaur Fighter began the quest for the Orb.
     0 | D:1      | Reached XP level 1. HP: 19/19 MP: 0/0
    80 | D:1      | Reached XP level 2. HP: 22/27 MP: 1/1
   301 | D:1      | You fall into a shaft and drop 1 floor!
   411 | D:2      | Reached skill level 3 in Axes
   484 | D:2      | Reached XP level 3. HP: 33/33 MP: 2/2
   797 | D:2      | Reached XP level 4. HP: 40/41 MP: 3/3
   913 | D:2      | Reached skill level 4 in Axes
  2248 | D:3      | Reached XP level 5. HP: 47/47 MP: 4/4
  2639 | D:3      | Reached skill level 5 in Axes
  2850 | D:3      | Found an ancient bone altar of Kikubaaqudgha.
  3053 | D:4      | Noticed Sigmund
  3132 | D:3      | Reached skill level 5 in Fighting
  3321 | D:4      | Reached XP level 6. HP: 56/56 MP: 5/5
  3677 | D:4      | Reached skill level 6 in Axes
  3832 | D:4      | Killed Sigmund
  3833 | D:4      | Reached skill level 5 in Armour
  3833 | D:4      | Reached XP level 7. HP: 58/62 MP: 6/6
  4065 | D:5      | Entered Level 5 of the Dungeon
  4086 | D:5      | Reached skill level 7 in Axes
  4381 | D:5      | Reached skill level 8 in Axes
  4393 | D:5      | Reached skill level 1 in Dodging
  4562 | D:5      | Found a runed translucent door.
  4563 | D:5      | Noticed Crazy Yiuf
  4589 | D:5      | Found a snail-covered altar of Cheibriados.
  4749 | D:5      | Killed Crazy Yiuf
  4795 | D:6      | Reached XP level 8. HP: 66/70 MP: 5/7
  4907 | D:6      | Reached skill level 1 in Throwing
  5079 | D:6      | Reached skill level 9 in Axes
  5182 | D:6      | Found a staircase to the Ecumenical Temple.
  5182 | D:6      | Noticed Jeremiah
  5216 | D:6      | Killed Jeremiah
  5217 | D:6      | Reached skill level 10 in Axes
  5226 | Temple   | Entered the Ecumenical Temple
  5239 | Temple   | Became a worshipper of Warmaster Okawaru
  5611 | D:6      | Reached XP level 9. HP: 55/79 MP: 5/8
  5736 | D:6      | Found a bloodstained altar of Trog.
  5776 | D:6      | Identified the +0 chain mail of the Five Realms {Int+5
                  | Dex-5 SInv}
  6098 | D:7      | Reached skill level 11 in Axes
  6131 | D:7      | Reached * piety under Okawaru
  6175 | D:7      | Found a sand-covered staircase.
  6182 | Ossuary  | Entered an ossuary
  6303 | Ossuary  | Noticed a silent spectre
  6442 | D:7      | Reached skill level 5 in Shields
  6824 | D:8      | Reached skill level 12 in Axes
  6907 | D:8      | Noticed a troll
  6912 | D:8      | Killed a troll
  6913 | D:8      | Reached skill level 1 in Stealth
  6937 | D:8      | Reached ** piety under Okawaru
  6955 | D:8      | Found a glowing golden altar of the Shining One.
  7125 | D:8      | Reached skill level 13 in Axes
  7128 | D:8      | Reached XP level 10. HP: 89/90 MP: 9/9
  7149 | D:8      | Found a staircase to the Lair.
  7197 | D:8      | Reached *** piety under Okawaru
  7206 | D:8      | Reached skill level 14 in Axes
  7564 | D:9      | Reached **** piety under Okawaru
  7565 | D:9      | Reached skill level 10 in Fighting
  7575 | D:9      | Reached skill level 15 in Axes
  7816 | D:9      | Noticed a two-headed ogre
  7828 | D:9      | Killed a two-headed ogre
  7829 | D:9      | Reached XP level 11. HP: 82/101 MP: 10/10
  8266 | D:9      | Found an opulent altar of Gozag.
  8266 | D:9      | Found a glowing silver altar of Zin.
  8266 | D:9      | Noticed a two-headed ogre
  8278 | D:9      | Killed a two-headed ogre
  8278 | D:9      | Reached ***** piety under Okawaru
  8452 | D:10     | Entered Level 10 of the Dungeon
  9014 | D:11     | Reached skill level 16 in Axes
  9031 | D:11     | Noticed a cyan ugly thing
  9039 | D:11     | Killed a cyan ugly thing
  9045 | D:11     | Noticed Erolcha
  9052 | D:11     | Killed Erolcha
  9110 | D:11     | Found Ytuetoly's Jewellery Boutique.
  9134 | D:11     | Noticed Grum
  9151 | D:11     | Killed Grum
  9190 | D:11     | Noticed Gastronok
  9201 | D:11     | Killed Gastronok
  9201 | D:11     | Received a gift from Okawaru
  9420 | D:11     | Noticed a purple ugly thing
  9429 | D:11     | Killed a purple ugly thing
  9761 | D:11     | Noticed Lodul
  9766 | D:11     | Reached skill level 17 in Axes
  9776 | D:11     | Killed Lodul
  9993 | Lair:1   | Entered Level 1 of the Lair of Beasts
 10009 | Lair:1   | Reached XP level 12. HP: 111/113 MP: 9/11
 10123 | Lair:1   | Found a runed translucent gate.
 10123 | Lair:1   | Found a runed translucent gate.
 10123 | Lair:1   | Found a runed translucent gate.
 10211 | Lair:1   | Noticed a seven-headed hydra
 10245 | Lair:1   | Noticed zurenarrh's ghost (novice NaIE)
 10250 | Lair:1   | Found a viscous altar of Jiyva.
 10314 | D:8      | Killed a seven-headed hydra
 10314 | D:8      | Received a gift from Okawaru
 10586 | Lair:1   | Reached skill level 1 in Invocations
 11262 | Lair:1   | Received a gift from Okawaru
 11881 | Lair:2   | Found a staircase to the Swamp.
 11881 | Lair:2   | Noticed an eleionoma
 11889 | Lair:2   | Killed an eleionoma
 12036 | Lair:2   | Reached skill level 18 in Axes
 12140 | Lair:2   | Reached skill level 15 in Fighting
 12188 | Lair:2   | Noticed a death yak
 12188 | Lair:2   | Noticed a death yak
 12188 | Lair:2   | Noticed a death yak
 12190 | Lair:2   | Noticed a death yak
 12191 | Lair:2   | Noticed a death yak
 12191 | Lair:2   | Noticed a death yak
 12198 | Lair:2   | Killed a death yak
 12205 | Lair:2   | Killed a death yak
 12206 | Lair:2   | Reached XP level 13. HP: 126/126 MP: 11/13
 12218 | Lair:2   | Received a gift from Okawaru
 12309 | Lair:2   | Reached ****** piety under Okawaru
 12310 | Lair:2   | Acquired a +2 crystal plate armour
 12310 | Lair:2   | Received a gift from Okawaru
 12453 | Lair:2   | Reached skill level 10 in Armour
 12472 | Lair:2   | Received a gift from Okawaru
 13105 | Lair:3   | Found a runed translucent gate.
 13105 | Lair:3   | Found a runed translucent gate.
 13105 | Lair:3   | Found a runed translucent gate.
 13108 | Lair:3   | Noticed Keuse's ghost (journeyman GnHu)
 13264 | Lair:3   | Found a staircase to the Snake Pit.
 13442 | Lair:3   | Reached skill level 19 in Axes
 13442 | Lair:3   | Acquired the +7 broad axe of Feruk {heavy, rC+ Dex+2}
 13442 | Lair:3   | Received a gift from Okawaru
 13456 | Lair:3   | Received a gift from Okawaru
 13460 | Lair:3   | Reached skill level 1 in Maces & Flails
 13939 | Lair:3   | Killed Keuse's ghost
 14195 | Lair:1   | Killed zurenarrh's ghost
 14436 | Lair:4   | Reached XP level 14. HP: 140/140 MP: 14/14
 14558 | Lair:4   | Received a gift from Okawaru
 14666 | Lair:4   | You fall into a shaft and drop 1 floor!
 14666 | Lair:5   | Entered Level 5 of the Lair of Beasts
 14793 | Lair:5   | Found a viscous altar of Jiyva.
 14794 | Lair:5   | Found a staircase to the Slime Pits.
 14994 | Lair:5   | Reached skill level 1 in Evocations
 15019 | Lair:5   | Got Roxanne's Compilation of Talus and Substances
 15060 | Lair:4   | Noticed Sonja
 15076 | Lair:4   | Killed Sonja
 15192 | Lair:4   | Received a gift from Okawaru
 15193 | Lair:4   | Reached skill level 20 in Axes
 15196 | Lair:4   | Noticed Josephine
 15203 | Lair:4   | Killed Josephine
 15947 | Lair:5   | Received a gift from Okawaru
 16127 | Lair:5   | Identified the staff "Weadiu" {rF++ rN+ Dex+5 Necro}
 16848 | D:12     | Found Silorez's Armour Shoppe.
 16850 | D:12     | Found a staircase to the Orcish Mines.
 16855 | D:12     | Found Xulynk's Weapon Shoppe.
 16862 | D:12     | Bought the +1 pair of boots "Cadontod" {rElec} for 352 gold
                  | pieces
 17815 | D:13     | Received a gift from Okawaru
 17888 | D:13     | Reached XP level 15. HP: 150/150 MP: 15/15
 18504 | D:14     | Found a runed translucent gate.
 18504 | D:14     | Found a runed translucent gate.
 18504 | D:14     | Found a runed translucent gate.
 18849 | D:14     | Reached skill level 10 in Shields
 19035 | D:14     | Found Juutzaf's General Store.
 19044 | D:14     | Bought a +2 broad axe of venom for 218 gold pieces
 19151 | D:14     | HP: 3/152 [burnt (15)]
 19152 | D:14     | Incinerated by a deep elf pyromancer

Illustrated notes

Levels and vault maps discovered:
D:1:      eino_arrival_tree_alley, layout_basic
D:2:      layout_basic
D:3:      layout_basic, kiku_gazebo_garden_becter, minivault_4
D:4:      layout_basic, hangedman_decor_slide_cut, minmay_goblin_outpost,
          uniq_sigmund
D:5:      layout_cave_pools, kennysheep_slug_shrine, kennysheep_generic_room_7,
          uniq_crazy_yiuf_cottage
D:6:      layout_basic, trog_hazing_becter, minmay_temple_entry_trees,
          grunt_decor_fettered, uniq_jeremiah
D:7:      layout_loops_ring, chequers_ossuary_entry_cave
D:8:      layout_cave_pools, nicolae_tso_besieged_by_evil, lair_entry_dummy,
          grunt_ministairs_2
D:9:      layout_stronghold, grunt_temple_overflow_gold_and_silver,
          minmay_misc_feat_plants
D:10:     layout_loops_cross
D:11:     layout_roguey, serial_curves, eino_curves_03, eino_curves_04,
          serial_shops, shop, hangedman_abyss_or_decor_stagger, uniq_gastronok,
          uniq_erolcha, uniq_grum, uniq_lodul
D:12:     layout_basic, orc_david_3
D:13:     layout_irregular_city, kennysheep_nondescript
D:14:     layout_irregular_city, hangedman_vaults_entry_quadrant_bands,
          ploomutoo_gammafunk_ghost_potion_laboratory, serial_shops,
          nicolae_shop_tiny_glass, nemelex_diamond_rough_becter, uniq_kirke
Temple:   regret_index_temple_sphere_string
Lair:1:   layout_hall_layers, gammafunk_ghost_ooze, hangedman_lair_generics_rect
Lair:2:   layout_roguey, alex1729_swamp_entry_worm_eleionoma,
          chequers_serial_rivers_micro_e, minmay_lair_oklob_items
Lair:3:   layout_gridlike, alex1729_snake_entry_snake, gammafunk_ghost_split,
          grunt_megastairs_5
Lair:4:   layout_roguey [special_room_mythical_zoo], uniq_josephine, uniq_sonja
Lair:5:   evilmike_catoblepas_cave, layout_gridlike, slime_entry_1,
          serial_bayou_lagoon_a

Skill      XL: |  1  2  3  4  5  6  7  8  9 10 11 12 13 14 15 |
---------------+----------------------------------------------+-----
Fighting       | 4 5 6 7 8 10 12 15 17 18 19 | 19.1
Axes           | 3 4 5 6 8 10 13 15 17 18 19 20 | 20.9
Shields        | 4 5 7 8 9 10 | 10.2
Armour         | 4 5 6 7 8 9 10 11 | 11.7
Dodging        | 1 2 3 |  3.3
Throwing       | 1 2 |  2.1
Stealth        | 1 |  1.7
Invocations    | 1 2 |  2.7
Maces & Flails | 1 2 3 |  3.0
Evocations     | 1 |  1.2

Action                     |  1- 3 |  4- 6 |  7- 9 | 10-12 | 13-15 || total
---------------------------+-------+-------+-------+-------+-------++-------
  Melee: War axe           |    68 |   157 |   282 |   503 |   180 ||  1190
         Headbutt          |     4 |    19 |    60 |   113 |   136 ||   332
         Flail             |       |       |       |     9 |    20 ||    29
         Broad axe         |       |       |       |       |   364 ||   364
  Throw: Dart              |       |     8 |     2 |     4 |     7 ||    21
         Throwing net      |       |       |     1 |       |       ||     1
         Javelin           |       |       |       |       |     9 ||     9
 Invoke: Heroism           |       |       |       |    11 |    13 ||    24
         Finesse           |       |       |       |       |     2 ||     2
         Receive Weapon    |       |       |       |       |     1 ||     1
         Receive Armour    |       |       |       |       |     1 ||     1
  Evoke: Wand              |       |       |       |     9 |     5 ||    14
    Use: Scroll            |       |     8 |    15 |     2 |    10 ||    35
         Potion            |       |     1 |     1 |       |       ||     2
   Stab: Invisible         |       |       |     1 |     2 |       ||     3
         Petrified         |       |       |       |       |     3 ||     3
 Armour: Scale mail        |    61 |     9 |       |       |       ||    70
         Chain mail        |       |   105 |   169 |    87 |       ||   361
         Plate armour      |       |       |       |   303 |    68 ||   371
         Crystal plate arm |       |       |       |       |   512 ||   512
  Dodge: Dodged            |    41 |    59 |   112 |   165 |   132 ||   509
  Block: Buckler           |    17 |    24 |    67 |   111 |   260 ||   479
         Reflection        |       |       |       |       |    23 ||    23

Table legend: (Time is in decaauts)
 A = Elapsed time spent in this place.
 B = Non-inter-level travel time spent in this place.
 C = Inter-level travel time spent in this place.
 D = Time resting spent in this place.
 E = Time spent auto-exploring this place.
 F = Levels seen in this place.
 G = Mean time per level.
                   A        B        C        D        E       F      G
               +--------+--------+--------+--------+--------+-----+--------+
         Total |  19090 |  17144 |   1946 |   1400 |  11979 |  21 |  909.0 |
       Dungeon |  12834 |  11437 |   1397 |   1008 |   7841 |  14 |  916.7 |
        Temple |    122 |    110 |     12 |     96 |      0 |   1 |  122.0 |
          Lair |   5977 |   5441 |    536 |    296 |   4077 |   5 | 1195.4 |
       Ossuary |    155 |    155 |      0 |      0 |     61 |   1 |  155.0 |
               +--------+--------+--------+--------+--------+-----+--------+

Top non-repeatable levels by time:
     D:3: 1404 daAuts
  Lair:1: 1352 daAuts
  Lair:5: 1261 daAuts
     D:2: 1201 daAuts
  Lair:3: 1166 daAuts
  Lair:2: 1137 daAuts
     D:6: 1135 daAuts
     D:9: 1063 daAuts
  Lair:4: 1060 daAuts
     D:8: 1014 daAuts
     D:4: 952 daAuts
    D:12: 900 daAuts
    D:11: 876 daAuts
     D:1: 831 daAuts
    D:13: 791 daAuts
